[Event "*** Titled Tuesday 3|2 Blitz (Early)"]
[Site "Chess.com"]
[Date "2016.12.06"]
[Round "3"]
[White "VladDobrov"]
[Black "poummba"]
[Result "1-0"]
[WhiteElo "2605"]
[BlackElo "2395"]
[TimeControl "180+2"]
[EndTime "11:31:40 PST"]
[Termination "VladDobrov won by resignation"]

1. d4 g6 2. c4 Bg7 3. Nc3 d6 4. Nf3 e5 5. g3 exd4 6. Nxd4 Ne7 7. Bg2 Nbc6 8. e3 O-O 9. O-O Nxd4 10. exd4 Nf5 11.
d5 Re8 12. h4 h6 13. Bf4 g5 14.
hxg5 hxg5 15. Bd2 g4 16. Ne4 Nd4 17. Bg5 Qd7 18. Re1 f5 19. Nf6+ Bxf6 20. Rxe8+ Qxe8 21. Bxf6 Nf3+ 22. Bxf3 gxf3 23. Bc3 Bd7 24. Qd4 Qg6 25. Qh8+ Kf7 26. Qxa8 f4 27. Qd8 fxg3 28. Qxd7+ Kg8 29.
Qe6+ 1-0

[Event "*** Titled Tuesday 3|2 Blitz (Early)"]
[Site "Chess.com"]
[Date "2016.12.06"]
[Round "3"]
[White "avto24"]
[Black "Rumpel-VK"]
[Result "0-1"]
[WhiteElo "2299"]
[BlackElo "2461"]
[TimeControl "180+2"]
[EndTime "11:31:41 PST"]
[Termination "Rumpel-VK won by resignation"]

1. e4 d6 2. d4 Nf6 3. Nc3 e5 4.
Nf3 Nbd7 5. Bc4 Be7 6. O-O O-O 7. Re1 c6 8. a4 exd4 9. Nxd4 Ne5 10. Ba2 Re8 11. h3 Bd7 12. f4 Ng6 13. Be3 Qc7 14.
Qf3 Rad8 15. Rad1 a6 16. Bf2 b5 17. axb5 axb5 18. h4 Bg4 19. Qg3 Bxd1 20. Rxd1 b4 21. h5 Nxh5 22. Qf3 bxc3 23. Qxh5 cxb2 24. Nf5 Bf6 25. Qf3 Qa5 26. Qb3 d5 27. e5 Rb8 0-1

[Event "*** Titled Tuesday 3|2 Blitz (Early)"]
[Site "Chess.com"]
[Date "2016.12.06"]
[Round "3"]
[White "Salem-AR"]
[Black "AdrianaNikolova"]
[Result "1-0"]
[WhiteElo "2680"]
[BlackElo "2237"]
[TimeControl "180+2"]
[EndTime "11:31:49 PST"]
[Termination "Salem-AR won on time"]

1. d4 d5 2. c4 c6 3. Nf3 Nf6 4.
Nc3 dxc4 5. e4 b5 6. e5 Nd5 7.
a4 Nxc3 8. bxc3 Bf5 9. Nh4 Be4 10.
e6 Qd5 11. exf7+ Qxf7 12. Qg4 Qd5 13. f3 Bd3 14. Qc8+ Qd8 15. Qb7 Nd7 16. Qxc6 b4 17.
cxb4 Rc8 18. Qe6 Nf6 19. Nf5 g6 20. Nd6+ Qxd6 21. Qxc8+ Kf7 22. Bxd3 cxd3 23. Qc4+ e6 24. O-O Qxb4 25. Qxd3 Bg7 26. Rb1 Qxa4 27. Rb7+ Nd7 28. d5 Bd4+ 29. Be3 Bxe3+ 30. Qxe3 exd5 31. Re1 1-0

[Event "*** Titled Tuesday 3|2 Blitz (Early)"]
[Site "Chess.com"]
[Date "2016.12.06"]
[Round "3"]
[White "AmazingAtlas"]
[Black "Nachsueb"]
[Result "1-0"]
[WhiteElo "2304"]
[BlackElo "2084"]
[TimeControl "180+2"]
[EndTime "11:31:51 PST"]
[Termination "AmazingAtlas won by resignation"]

1. e4 c5 2. Nf3 e6 3. b3 Nc6 4. Bb2 a6 5. d4 cxd4 6. Nxd4 Bb4+ 7. Nd2 Nf6 8. Bd3 Qb6 9. Nf3 O-O 10. c3 Be7 11. O-O Qc7 12. c4 Rd8 13. Qe2 d5 14.
cxd5 exd5 15. e5 Ne8 16. h3 g6 17. Rac1 Ng7 18. Nd4 Ne6 19. Nxe6 Bxe6 20. f4 Qd7 21.
f5 gxf5 22. Qh5 Bf8 23. Rxf5 Nb4 24. Rg5+ Bg7 25. Qxh7+ Kf8 26. Qxg7+ Ke8 27. Qh8+ Ke7 28. Qf6+ Kf8 29. Bh7 1-0

[Event "*** Titled Tuesday 3|2 Blitz (Early)"]
[Site "Chess.com"]
[Date "2016.12.06"]
[Round "3"]
[White "Blitzstream"]
[Black "Quiet_Desperation"]
[Result "0-1"]
[WhiteElo "2500"]
[BlackElo "2314"]
[TimeControl "180+2"]
[EndTime "11:31:54 PST"]
[Termination "Quiet_Desperation won by resignation"]

1. d4 Nf6 2. Bg5 e6 3. e4 h6 4. Bxf6 Qxf6 5. c3 d6 6. Bd3 Qd8 7. f4 Nc6 8. Nf3 Bd7 9. O-O Be7 10. Nbd2 Bf6 11. Qe2 e5 12. Nc4 exd4 13. e5 dxe5 14.
fxe5 Be7 15. cxd4 Be6 16. Qe3 Nxd4 17. Rad1 Nxf3+ 18. Qxf3 Qd5 19. Qe2 O-O-O 20. b3 Kb8 21. Kh1 h5 22. Be4 Qc5 23. Qf3 Bg4 24. Qxf7 Bxd1 25.
Qxg7 Be2 26. Re1 Bxc4 27. bxc4 Qe3 0-1

[Event "*** Titled Tuesday 3|2 Blitz (Early)"]
[Site "Chess.com"]
[Date "2016.12.06"]
[Round "3"]
[White "E-Shaposhnikov"]
[Black "NewBornNow"]
[Result "1-0"]
[WhiteElo "2719"]
[BlackElo "2577"]
[TimeControl "180+2"]
[EndTime "11:31:55 PST"]
[Termination "E-Shaposhnikov won by resignation"]

1. Nf3 d5 2. d4 Nf6 3. c4 e6 4. Nc3 Bb4 5. e3 O-O 6. Bd3 c5 7. O-O cxd4 8. exd4 dxc4 9. Bxc4 b6 10. Bg5 Bb7 11. Ne5 Be7 12. Qe2 Nc6 13. Rad1 Na5 14. Nxf7 Rxf7 15. Bxe6 Kf8 16. d5 h6 17. Bf4 Bd6 18.
Bxd6+ Qxd6 19. Nb5 Qb4 20. Bxf7 Kxf7 21. Rd4 Qe7 22.
Qd3 Ba6 23. a4 Qd7 24. d6 Re8 25. Rc1 Kg8 26. h3 Nc6 27. Qc4+ Kh8 28. Qxc6 Re1+ 29.
Kh2 Rxc1 30. Qxc1 Bxb5 31. axb5 Qxb5 32. d7 Qe5+ 33. Kg1 Qxd4 34. Qc8+ Kh7 35. d8=Q 1-0

[Event "*** Titled Tuesday 3|2 Blitz (Early)"]
[Site "Chess.com"]
[Date "2016.12.06"]
[Round "3"]
[White "jncool68"]
[Black "vovkcoach"]
[Result "1-0"]
[WhiteElo "2492"]
[BlackElo "2549"]
[TimeControl "180+2"]
[EndTime "11:32:01 PST"]
[Termination "jncool68 won by resignation"]

1. e4 e6 2. d4 d5 3. Nc3 Bb4 4. e5 c5 5. Bd2 Ne7 6. a3 Bxc3 7. Bxc3 cxd4 8. Qxd4 Nbc6 9. Qg4 O-O 10. Nf3 Qb6 11.
Bd3 Nf5 12. O-O d4 13. Bd2 Bd7 14. Rfe1 Rfd8 15. b4 Rac8 16. Ng5 h6 17. Ne4 Kf8 18. Nf6 Nce7 19. Nh5 Bb5 20. Nxg7 Bxd3 21. cxd3 Nxg7 22. Bxh6 Nf5 23. Bg5 Rd5 24. Qh3 Ke8 25. g4 Rc2 26. gxf5 Nxf5 27. Qh7 Ne7 28. Rac1 Qc7 29. Qh8+ Kd7 30.
Qf6 1-0

[Event "*** Titled Tuesday 3|2 Blitz (Early)"]
[Site "Chess.com"]
[Date "2016.12.06"]
[Round "3"]
[White "MateusViageiro"]
[Black "stuffings101"]
[Result "1-0"]
[WhiteElo "2266"]
[BlackElo "2171"]
[TimeControl "180+2"]
[EndTime "11:32:18 PST"]
[Termination "MateusViageiro won on time"]

1. e4 d6 2. d4 Nf6 3. Nc3 g6 4. f3 a6 5. Be3 b5 6. Qd2 Nbd7 7. O-O-O Nb6 8. Bd3 Bg7 9. Kb1 O-O 10. g4 e5 11.
d5 Rb8 12. h4 h5 13. Bg5 hxg4 14. h5 Qd7 15. h6 Bh8 16. h7+ Nxh7 17. Qh2 f6 18. Bh6 Rf7 19. fxg4 Qxg4 20. Nge2 g5 21. Rdg1 Qd7 22. Ng3 Qe7 23. Be2 b4 24. Nd1 Bg7 25. Ne3 Bxh6 26. Qxh6 Qf8 27. Qh2 Qg7 28. Nef5 Bxf5 29. Nxf5 Qf8 30. Nh6+ Kh8 31. Nxf7+ Qxf7 32. Bg4 Rg8 33. Be6 Qg7 34. Bf5 Rf8 35. Bxh7 1-0

[Event "*** Titled Tuesday 3|2 Blitz (Early)"]
[Site "Chess.com"]
[Date "2016.12.06"]
[Round "3"]
[White "Wilsonpalencia"]
[Black "Apocalyps999"]
[Result "1-0"]
[WhiteElo "2389"]
[BlackElo "2408"]
[TimeControl "180+2"]
[EndTime "11:32:23 PST"]
[Termination "Wilsonpalencia won by resignation"]

1. e4 e5 2. Nf3 Nc6 3. d4 exd4 4.
Nxd4 Bb4+ 5. c3 Bc5 6. Be3 Bb6 7.
Nf5 g6 8. Bxb6 axb6 9. Ne3 Nf6 10. f3 O-O 11. c4 Re8 12. Nc3 b5 13. cxb5 Nb4 14.
a3 d5 15. axb4 Rxa1 16. Qxa1 d4 17. Qc1 dxc3 18. Qxc3 Nxe4 19. fxe4 Qh4+ 20. Kd2 Qf2+ 21. Be2 Rd8+ 22. Nd5 Qxg2 23. Qxc7 Qg5+ 24. Kc2 Be6 25. h4 Qg2 26. Qxd8+ Kg7 27. Qf6+ Kg8 28. Qf3 1-0

[Event "*** Titled Tuesday 3|2 Blitz (Early)"]
[Site "Chess.com"]
[Date "2016.12.06"]
[Round "3"]
[White "Rating-Schmating"]
[Black "alturas_pacificas"]
[Result "1/2-1/2"]
[WhiteElo "2215"]
[BlackElo "2166"]
[TimeControl "180+2"]
[EndTime "11:32:27 PST"]
[Termination "Game drawn by repetition"]

1. e4 e5 2. Nf3 Nf6 3. Nxe5 d6 4. Nf3 Nxe4 5. Nc3 Nxc3 6. bxc3 Be7 7. g3 O-O 8. Bg2 Nd7 9. O-O c6 10. d3 d5 11. Be3 Bf6 12. Bd4 Re8 13. Qd2 Bxd4 14. cxd4 Nf6 15. Rae1 Bd7 16. Ne5 Qc7 17. Nxd7 Qxd7 18.
c4 dxc4 19. dxc4 Rxe1 20. Rxe1 Rd8 21. Rb1 h6 22. h3 Qxd4 23. Qxd4 Rxd4 24. Rxb7 a5 25.
Ra7 Rxc4 26. Rxa5 Rc1+ 27. Kh2 Rc2 28. Kg1 Rc1+ 29. Bf1 c5 30. Kg2 c4 31. Rc5 c3 32.
Bd3 Kf8 33. a4 Ke7 34. a5 Kd6 35. Rc8 Ra1 36. a6 Nd5 37. Be4 Nb4 38. Rxc3 Rxa6 39.
Rb3 Nc6 40. Bxc6 Rxc6 41. Rb7 Rc7 42. Rxc7 Kxc7 43. Kf3 Kd6 44. Ke4 Ke6 45. g4 g6 46.
f4 f5+ 47. gxf5+ gxf5+ 48. Kd4 Kd6 49. Kc4 Kc6 50. Kd4 Kd6 51. Kc4 Kc6 52. Kd4 Kd6 53. Kc4 1/2-1/2

[Event "*** Titled Tuesday 3|2 Blitz (Early)"]
[Site "Chess.com"]
[Date "2016.12.06"]
[Round "3"]
[White "Keaton87"]
[Black "pastouche06"]
[Result "1-0"]
[WhiteElo "2476"]
[BlackElo "2306"]
[TimeControl "180+2"]
[EndTime "11:32:30 PST"]
[Termination "Keaton87 won by resignation"]

1. e4 c6 2. c4 d5 3. cxd5 cxd5 4.
exd5 Nf6 5. Qa4+ Nbd7 6. Nc3 g6 7. Nf3 Bg7 8. Bc4 O-O 9. d3 a6 10. Qa3 b6 11. O-O Bb7 12. Bd2 b5 13. Bb3 Nb6 14. Rfe1 Re8 15. Ne4 Nbxd5 16. Ba5 Qb8 17. Rac1 e6 18. Qd6 Nxe4 19. Qxb8 Raxb8 20. dxe4 Nf4 21. Rc7 Nd3 22. Rd1 Bxe4 23. Ng5 Bf5 24. g4 Nxb2 25. Rdd7 Bxg4 26. Rxf7 Bd4 27. Nxh7 Rf8 28. Nxf8 Rxf8 29.
Rxf8+ Kxf8 30. Bd2 Nd3 31. Be3 Bxe3 32. fxe3 a5 33. Bc2 Nb4 34. a3 Nxc2 35. Rxc2 a4 36.
Rb2 Bd1 37. Rxb5 Bb3 38. Kf2 Kf7 39. Kg3 Kf6 40. Kf4 Bc4 41. Ra5 Bb3 42. h4 Bc2 43.
e4 Bb3 44. e5+ Kf7 45. Ra7+ Kg8 46. Kg5 1-0

[Event "*** Titled Tuesday 3|2 Blitz (Early)"]
[Site "Chess.com"]
[Date "2016.12.06"]
[Round "3"]
[White "Izoria123"]
[Black "ZivkovicN"]
[Result "1-0"]
[WhiteElo "2552"]
[BlackElo "2417"]
[TimeControl "180+2"]
[EndTime "11:32:31 PST"]
[Termination "Izoria123 won by resignation"]

1. Nf3 Nf6 2. c4 e6 3. g3 d5 4. Bg2 Be7 5. d4 O-O 6. Qc2 c6 7. O-O b6 8. Nbd2 Bb7 9. e4 Na6 10. cxd5 cxd5 11. e5 Nb4 12. Qb3 Ne4 13. a3 Nc6 14.
Qe3 Ba6 15. Nxe4 Bxf1 16. Bxf1 dxe4 17. Qxe4 Rc8 18. Bd3 g6 19. Bh6 Re8 20. Qf4 Qd5 21.
Rd1 Qb3 22. Rd2 Bf8 23. Bxf8 Rxf8 24. Qh6 Nxd4 25. Ng5 Rc1+ 26. Kg2 Qd5+ 27. Kh3 1-0

[Event "*** Titled Tuesday 3|2 Blitz (Early)"]
[Site "Chess.com"]
[Date "2016.12.06"]
[Round "3"]
[White "Abdodi"]
[Black "calemcc"]
[Result "0-1"]
[WhiteElo "1998"]
[BlackElo "2129"]
[TimeControl "180+2"]
[EndTime "11:32:33 PST"]
[Termination "calemcc won by checkmate"]

1. e4 e6 2. d4 d5 3. Nc3 Nf6 4. Bg5 dxe4 5. Nxe4 Be7 6. Bxf6 gxf6 7. Bc4 b6 8. Ne2 Bb7 9. f3 c6 10. Qd2 Qc7 11.
O-O-O Nd7 12. N2c3 O-O-O 13. Qh6 f5 14. Ng5 Qf4+ 15. Kb1 Qxg5 16. Qh3 Nf6 17. Rhe1 h5 18. g3 c5 19. f4 Qg4 20. Qf1 cxd4 21. Nb5 Kb8 22. Nxd4 Bc5 23. Nb3 Bb4 24. Rxd8+ Rxd8 25. Rc1 Ne4 26. a3 Bc5 27. Be2 Qg7 28. Bxh5 Bxa3 29. bxa3 Nc3+ 30. Ka1 Nd1+ 31. Ka2 Qb2# 0-1

[Event "*** Titled Tuesday 3|2 Blitz (Early)"]
[Site "Chess.com"]
[Date "2016.12.06"]
[Round "3"]
[White "BjarkeSahl"]
[Black "pedromartinez91"]
[Result "0-1"]
[WhiteElo "2154"]
[BlackElo "2340"]
[TimeControl "180+2"]
[EndTime "11:32:41 PST"]
[Termination "pedromartinez91 won by resignation"]

1. e4 e6 2. d4 d5 3. Nc3 Nf6 4. Bg5 Be7 5. e5 Ne4 6. Bd2 c5 7. Bb5+ Nc6 8. Nge2 Nxd2 9. Qxd2 Bd7 10. Bxc6 bxc6 11.
O-O cxd4 12. Qxd4 Qb6 13. Qg4 O-O 14. Rab1 f6 15. Nf4 fxe5 16. Nh5 g6 17. Rbd1 Qb4 18. Qxb4 Bxb4 19. Ng3 Bxc3 20. bxc3 Rab8 21. Ne4 Rb2 22. Nc5 Bc8 23. Rd2 Rxa2 24. f3 Ra5 25. Nd3 Ba6 26.
Re1 Bxd3 27. cxd3 Rf5 28. d4 exd4 29. cxd4 Rf6 30. Rc1 Ra6 31. Rb2 Kg7 32. Rb7+ Rf7 33. Rb4 Kf6 34. g4 e5 35. dxe5+ Kxe5 36. Re1+ Kd6 37. Kg2 Ra2+ 38. Kg3 Ra3 39. Rf1 a5 0-1

[Event "*** Titled Tuesday 3|2 Blitz (Early)"]
[Site "Chess.com"]
[Date "2016.12.06"]
[Round "3"]
[White "ftorodent"]
[Black "sorito"]
[Result "1-0"]
[WhiteElo "2492"]
[BlackElo "2335"]
[TimeControl "180+2"]
[EndTime "11:33:04 PST"]
[Termination "ftorodent won by resignation"]

1. d4 Nf6 2. c4 e6 3. Nf3 d5 4. Nc3 Be7 5. Bf4 O-O 6. e3 c5 7.
dxc5 Na6 8. Be2 Nxc5 9. O-O dxc4 10. Bxc4 a6 11. b4 Nce4 12. Nxe4 Nxe4 13. Qc2 Nd6 14. Bd3 h6 15. Rfd1 Qb6 16. Rab1 Bd7 17. a4 Rac8 18. Qb3 Rfd8 19. a5 Qa7 20. Rbc1 Bb5 21.
Bb1 Ne8 22. h3 Rxd1+ 23. Rxd1 b6 24. Nd4 Bc4 25. Qc2 Nf6 26. e4 g6 27. Bxh6 Bxb4 28. Qb2 bxa5 29. Nc6 Rxc6 30. Qxf6 Bf8 31. Rd8 1-0

[Event "*** Titled Tuesday 3|2 Blitz (Early)"]
[Site "Chess.com"]
[Date "2016.12.06"]
[Round "3"]
[White "Harbuzi01"]
[Black "pKiLz5Rn9b"]
[Result "1-0"]
[WhiteElo "2695"]
[BlackElo "2501"]
[TimeControl "180+2"]
[EndTime "11:33:06 PST"]
[Termination "Harbuzi01 won by resignation"]

1. e4 e6 2. b3 d5 3. Bb2 a6 4.
Qe2 dxe4 5. Nc3 Be7 6. f3 Nf6 7. fxe4 e5 8. O-O-O Nc6 9. Nf3 Bg4 10. Kb1 Nd4 11. Qf2 c6 12. Ne2 Bxf3 13. gxf3 Bc5 14. Qg2 O-O 15. Ng3 Qc7 16. h4 Ne6 17. Nf5 g6 18. h5 Nxh5 19. Rxh5 Nf4 20. Qh2 gxh5 21. Qxf4 f6 22. Qh6 b5 23. d4 exd4 24. Rd2 Kh8 25.
Rg2 Rf7 26. Bd3 Rg8 27. Rxg8+ Kxg8 28. Qxh5 Rf8 29. Bc1 Kh8 30. Qh4 Qf7 31. Bf4 Re8 32.
Bd6 Bb6 33. f4 Rg8 34. e5 Bd8 35. Kb2 c5 36. Nh6 Qg7 37. Nxg8 fxe5 38. Qxd8 1-0

[Event "*** Titled Tuesday 3|2 Blitz (Early)"]
[Site "Chess.com"]
[Date "2016.12.06"]
[Round "3"]
[White "stefanodinn"]
[Black "Aguiar94"]
[Result "0-1"]
[WhiteElo "2188"]
[BlackElo "2359"]
[TimeControl "180+2"]
[EndTime "11:33:25 PST"]
[Termination "Aguiar94 won on time"]

1. e4 c5 2. Nf3 e6 3. d4 cxd4 4. Nxd4 Nc6 5. Nc3 Qc7 6. g3 a6 7. Bg2 d6 8. O-O Bd7 9. Re1 Be7 10. Nxc6 Bxc6 11. Qg4 g6 12. a4 h5 13. Qe2 h4 14. a5 Rc8 15. Be3 Nf6 16. Bb6 Qb8 17.
Rad1 hxg3 18. hxg3 Rh5 19. Bf3 Re5 20. Qd2 Nd7 21. Bd4 Bg5 22. Be3 Bxe3 23. Rxe3 Rxa5 24. Nd5 Rc5 25. b4 Rc4 26. Be2 Bxd5 27. exd5 Rxc2 28. Qd4 e5 29. Qh4 R8c3 30. Rxc3 Rxc3 31. Kg2 Qa7 32. Qh8+ Ke7 33. Qh4+ Nf6 34. Qg5 Rc2 35. Kf1 Qb6 0-1

[Event "*** Titled Tuesday 3|2 Blitz (Early)"]
[Site "Chess.com"]
[Date "2016.12.06"]
[Round "3"]
[White "Morshynska"]
[Black "MFBerna"]
[Result "0-1"]
[WhiteElo "2129"]
[BlackElo "2209"]
[TimeControl "180+2"]
[EndTime "11:33:32 PST"]
[Termination "MFBerna won by resignation"]

1. Nf3 d5 2. g3 c5 3. Bg2 g6 4. O-O Bg7 5. c4 Nf6 6. cxd5 Nxd5 7.
Nc3 Nc6 8. a3 O-O 9. Qc2 e6 10.
d3 b6 11. Bd2 Bb7 12. Rab1 Rc8 13. Rfc1 Nd4 14. Qd1 Nxc3 15. Bxc3 Nxf3+ 16. Bxf3 Bxf3 17. exf3 Qd5 18. Bxg7 Kxg7 19. Qe2 Rfd8 20. Rd1 Rd7 21. f4 Rcd8 22. Rbc1 Qf5 23. Rc3 Rd5 24. b3 h5 25.
h4 b5 26. Qc2 b4 27. axb4 cxb4 28. Rc4 Rxd3 29. Rxd3 Rxd3 30. Qb2+ Kh7 31. Rxb4 Rd1+ 32. Kg2 Qd5+ 33. f3 Rd2+ 0-1

[Event "*** Titled Tuesday 3|2 Blitz (Early)"]
[Site "Chess.com"]
[Date "2016.12.06"]
[Round "3"]
[White "Divertissement"]
[Black "GrigorGrigorov"]
[Result "0-1"]
[WhiteElo "2441"]
[BlackElo "2459"]
[TimeControl "180+2"]
[EndTime "11:33:35 PST"]
[Termination "GrigorGrigorov won by resignation"]

1. d4 Nf6 2. Nf3 c5 3. dxc5 e6 4.
c4 Bxc5 5. Nc3 Nc6 6. e3 O-O 7. Be2 a6 8. O-O d5 9. cxd5 exd5 10. b3 Qd6 11. Bb2 Re8 12. Na4 Ba7 13. Nd4 Ne4 14.
Rc1 Bb8 15. g3 Bh3 16. Re1 Ba7 17. Bf3 Ne5 18. Bg2 Qh6 19. f3 Ng5 20. Rf1 Bxg2 21. Kxg2 Qh3+ 22. Kg1 Rac8 23. Rxc8 Rxc8 24. Qe2 Bxd4 25.
exd4 Rc2 26. Qxc2 Nexf3+ 27. Kf2 Qxh2+ 0-1

[Event "*** Titled Tuesday 3|2 Blitz (Early)"]
[Site "Chess.com"]
[Date "2016.12.06"]
[Round "3"]
[White "fireheart92"]
[Black "RitvarsReimanis"]
[Result "1-0"]
[WhiteElo "2581"]
[BlackElo "2407"]
[TimeControl "180+2"]
[EndTime "11:33:48 PST"]
[Termination "fireheart92 won by checkmate"]

1. e4 c5 2. c3 Nf6 3. e5 Nd5 4. d4 cxd4 5. cxd4 d6 6. Nf3 Nc6 7. Bc4 e6 8. O-O Be7 9. Qe2 O-O 10.
exd6 Bxd6 11. Nc3 Nf6 12. Bg5 Be7 13. Rad1 Nb4 14. Bxf6 Bxf6 15. Qe4 Qc7 16. Bb3 Qc6 17. d5 Nxd5 18. Bxd5 exd5 19. Nxd5 Qe6 20. Qf4 Qf5 21. Nxf6+ Qxf6 22. Qxf6 gxf6 23. Nd4 Be6 24. f3 Rfd8 25. a3 Rac8 26. Kf2 Rc7 27. Nxe6 Rxd1 28. Nxc7 Rd2+ 29. Kg3 Rxb2 30. Nd5 Kg7 31. Rc1 b5 32. Rc7 a5 33.
Ra7 a4 34. Ra5 Rb3 35. h4 Kg6 36. Kf4 Rxa3 37. Rxb5 Ra1 38. Ne7+ Kg7 39. Nf5+ Kg6 40. g4 h5 41. Ne7+ Kh6 42. Rxh5+ Kg7 43. Ra5 a3 44.
Nf5+ Kg6 45. h5+ Kh7 46. Ra7 Kg8 47. Nh6+ Kg7 48. Nxf7 a2 49. Nd6+ Kh6 50. Nf5# 1-0

[Event "*** Titled Tuesday 3|2 Blitz (Early)"]
[Site "Chess.com"]
[Date "2016.12.06"]
[Round "3"]
[White "platy3"]
[Black "PowerThinking2650"]
[Result "1-0"]
[WhiteElo "2699"]
[BlackElo "2133"]
[TimeControl "180+2"]
[EndTime "11:34:06 PST"]
[Termination "platy3 won by checkmate"]

1. e4 e5 2. Nf3 Nc6 3. Bb5 a6 4. Ba4 Nf6 5. O-O Be7 6. Re1 b5 7.
Bb3 d6 8. c3 O-O 9. h3 Bb7 10.
d4 Re8 11. Nbd2 Bf8 12. a4 h6 13. Bc2 exd4 14. cxd4 Nb4 15. Bb1 c5 16. d5 Nd7 17.
Ra3 c4 18. Ree3 Ne5 19. Nxe5 dxe5 20. Rac3 Bc5 21. Rg3 Qh4 22. Rcf3 f5 23. exf5 Bxd5 24. Rg4 Bxf3 25. Qxf3 Qd8 26. f6 Ra7 27. Ne4 Bf8 28.
Bxh6 Rf7 29. fxg7 Bxg7 30. Rxg7+ Rxg7 31. Nf6+ Kh8 32. Nxe8 Qxe8 33. Qf6 Qg8 34. Bf5 Nd3 35. Be6 Qh7 36. Bxg7+ Qxg7 37. Qd8+ Kh7 38. Bf5+ Kh6 39. Qh4# 1-0

[Event "*** Titled Tuesday 3|2 Blitz (Early)"]
[Site "Chess.com"]
[Date "2016.12.06"]
[Round "3"]
[White "RaphaeI"]
[Black "Pierrebl"]
[Result "0-1"]
[WhiteElo "2244"]
[BlackElo "2472"]
[TimeControl "180+2"]
[EndTime "11:34:08 PST"]
[Termination "Pierrebl won by checkmate"]

1. Nf3 g6 2. d4 Bg7 3. c4 Nf6 4.
g3 O-O 5. Bg2 d6 6. O-O Nc6 7.
Nc3 Bf5 8. Ne1 Qd7 9. e4 Bh3 10. Nc2 Rfe8 11. d5 Bxg2 12. Kxg2 Ne5 13. Qe2 e6 14. f4 Neg4 15. h3 Nh6 16. Qf3 exd5 17. cxd5 c6 18. g4 cxd5 19. exd5 Nhxg4 20. hxg4 Nxg4 21. Bd2 Qf5 22. Rac1 Re7 23. Rfe1 Rxe1 24. Nxe1 Re8 25. Qd3 Qh5 26. Nf3 Nh6 27. Re1 Rxe1 28.
Bxe1 Qg4+ 29. Bg3 Nf5 30. Nh2 Nh4+ 31. Kf2 Qh3 32. Qe4 Nf5 33. Nf1 Bd4+ 34. Kf3 Qxf1+ 35. Kg4 h5+ 36. Kg5 Kg7 37. Qxd4+ Nxd4 38. Ne4 Nf3# 0-1

[Event "*** Titled Tuesday 3|2 Blitz (Early)"]
[Site "Chess.com"]
[Date "2016.12.06"]
[Round "3"]
[White "josiwales"]
[Black "saraswathii"]
[Result "1-0"]
[WhiteElo "2243"]
[BlackElo "2180"]
[TimeControl "180+2"]
[EndTime "11:34:11 PST"]
[Termination "josiwales won by resignation"]

1. e4 c5 2. Nc3 e6 3. g3 g6 4.
Bg2 Bg7 5. d3 Nc6 6. Be3 Nd4 7.
Qd2 Ne7 8. Nd1 d6 9. c3 Ndc6 10. Bh6 O-O 11. h4 d5 12. h5 dxe4 13. Bxg7 Kxg7 14.
hxg6 hxg6 15. Qh6+ Kf6 16. dxe4 Ng8 17. Qh4+ g5 18.
Qh5 Ne5 19. f4 gxf4 20. Qh8+ Ke7 21. Qxe5 b6 22. Qxf4 Bb7 23. Ne3 Nf6 24. Rd1 Qc8 25. e5 Nd7 26. Bxb7 Qxb7 27. Nf3 Rg8 28. Rh7 Raf8 29. Nc4 Rh8 30. Rxd7+ Kxd7 31. Rxf7+ Rxf7 32. Qxf7+ Kc6 33. Qxe6+ Kc7 34. Qf7+ Kb8 35. Qxb7+ Kxb7 36. e6 Kc6 37. Nfe5+ Kc7 38. Ng6 Rg8 39. Nce5 Kd6 40. e7 a5 41. a4 Ke6 42. g4 Kf6 43. Ke2 Ke6 44. Kd3 Kd6 45. Kc4 Kc7 46. Nf8 1-0

[Event "*** Titled Tuesday 3|2 Blitz (Early)"]
[Site "Chess.com"]
[Date "2016.12.06"]
[Round "3"]
[White "GMKrikor"]
[Black "ZhuChenChess"]
[Result "0-1"]
[WhiteElo "2520"]
[BlackElo "2411"]
[TimeControl "180+2"]
[EndTime "11:34:12 PST"]
[Termination "ZhuChenChess won by resignation"]

1. e4 c5 2. Nf3 d6 3. Bb5+ Nd7 4. d4 cxd4 5. Qxd4 Nf6 6. O-O g6 7. c4 Bg7 8. Nc3 O-O 9. Qe3 Ng4 10.
Qe2 Bxc3 11. bxc3 Nc5 12. h3 Nf6 13. e5 dxe5 14. Qxe5 Qd6 15. Qxd6 exd6 16. Bh6 a6 17. Bxf8 Kxf8 18. a4 axb5 19. axb5 Rxa1 20. Rxa1 Be6 21.
Nd2 Nfe4 22. Nxe4 Nxe4 23. Ra8+ Ke7 24. g4 Bxc4 25. b6 Nc5 26. Rh8 Na4 27. Rxh7 Nxb6 28.
h4 Bd3 29. Rh8 Nd5 30. Rb8 b5 31. Rc8 Bc4 32. h5 gxh5 33. gxh5 Kf6 34. Rg8 Ne7 35.
h6 Nxg8 36. h7 Kg7 0-1

[Event "*** Titled Tuesday 3|2 Blitz (Early)"]
[Site "Chess.com"]
[Date "2016.12.06"]
[Round "3"]
[White "Andrejkin"]
[Black "AungTZ"]
[Result "1-0"]
[WhiteElo "2192"]
[BlackElo "2103"]
[TimeControl "180+2"]
[EndTime "11:34:14 PST"]
[Termination "Andrejkin won on time"]

1. e4 c5 2. Nf3 Nc6 3. d4 cxd4 4.
Nxd4 Nf6 5. Nc3 d6 6. f3 e5 7. Nb3 Be7 8. Be3 a5 9. Bb5 O-O 10. g4 Be6 11. Qd2 d5 12. exd5 Nxd5 13.
Nxd5 Bxd5 14. O-O a4 15. Nc5 Nd4 16. Bxd4 exd4 17. Nxa4 Bc6 18. Bxc6 bxc6 19. b3 Bg5 20.
Qd3 Be3+ 21. Kh1 Qh4 22. Nc5 Rae8 23. Ne4 f5 24. gxf5 Rxf5 25. Ng3 Rf6 26. Nf5 Qh3 27. Qc4+ Kh8 28. Nxe3 dxe3 29. Qg4 Qh6 30. a4 e2 31. Rfe1 Qe3 32. a5 Rxf3 33. c3 Ref8 34. Rg1 Qxc3 35. Rae1 R8f4 36. Rxe2 Rf8 37. Reg2 R3f7 38. a6 Qa5 39.
Qc4 Qc7 40. b4 1-0

[Event "*** Titled Tuesday 3|2 Blitz (Early)"]
[Site "Chess.com"]
[Date "2016.12.06"]
[Round "3"]
[White "bugsbunny444"]
[Black "Alexander_Moskalenko"]
[Result "0-1"]
[WhiteElo "2399"]
[BlackElo "2649"]
[TimeControl "180+2"]
[EndTime "11:34:17 PST"]
[Termination "Alexander_Moskalenko won by resignation"]

1. Nf3 d5 2. c4 e6 3. g3 Nf6 4. Bg2 dxc4 5. Qc2 a6 6. Ne5 Nbd7 7.
Nxc4 c5 8. d3 Be7 9. Bf4 O-O 10.
Nc3 Nh5 11. Bd6 Bxd6 12. Nxd6 Qc7 13. Nc4 Rb8 14. a4 b6 15. O-O Bb7 16. Bxb7 Rxb7 17. Rfb1 b5 18. axb5 axb5 19. Na5 Rb6 20. Rc1 Nhf6 21.
f3 Rc8 22. Kg2 Qe5 23. Qd2 c4 24. Ne4 Nxe4 25. fxe4 Rd6 26. Qb4 Nf6 27. Nb7 Rd7 28. Nc5 Rdc7 29. Na6 Ra7 30. Ra5 Qh5 31. Rc2 Ng4 32.
Qd2 Qxh2+ 33. Kf3 h5 34. e3 Qh1+ 35. Qg2 Qxg2+ 36. Kxg2 Nxe3+ 0-1

[Event "*** Titled Tuesday 3|2 Blitz (Early)"]
[Site "Chess.com"]
[Date "2016.12.06"]
[Round "3"]
[White "tango_argentino"]
[Black "joppie2"]
[Result "0-1"]
[WhiteElo "2344"]
[BlackElo "2542"]
[TimeControl "180+2"]
[EndTime "11:34:17 PST"]
[Termination "joppie2 won by resignation"]

1. b3 c6 2. Bb2 d5 3. e3 Nf6 4. h3 g6 5. Bxf6 exf6 6. d4 Bg7 7.
Nf3 O-O 8. Be2 f5 9. O-O Nd7 10. c4 Nf6 11. Nc3 Ne4 12. Qc2 Be6 13. Rac1 Rc8 14. cxd5 Bxd5 15. Nxd5 cxd5 16. Qb2 Qa5 17. b4 Qb6 18. Nd2 f4 19. Nxe4 dxe4 20. Qb3 Bh6 21.
Bg4 Rxc1 22. Rxc1 Qd6 23. exf4 Bxf4 24. Rd1 Kg7 25. d5 f5 26. Be2 Rc8 27. Bf1 h5 28. Qb2+ Be5 29. Qd2 Bc3 30. Qc1 Rc7 31. b5 h4 32. Qg5 Bf6 33. Qe3 b6 34. a4 Rc3 35.
Qd2 Rc5 36. Qe3 Bd8 37. Qd4+ Kh7 38. Qd2 Bc7 39. g3 hxg3 40. Bg2 gxf2+ 41. Qxf2 Bd8 42. h4 Qe5 43. d6 e3 44. Qe2 Bxh4 45. d7 Bd8 46. Bc6 f4 47. Qh2+ Kg7 48. Rf1 e2 49.
Re1 Qe3+ 50. Qf2 Rg5+ 51. Bg2 Qc3 52. Rxe2 f3 53. Qe3 Rxg2+ 54. Kf1 fxe2+ 0-1